 Dungeon Crawl Stone Soup version 0.31.0-12-g77e489cdc1 (webtiles) character file.

Game seed: 4583051650426828622

112 Gadfly the Ducker (level 4, -1/35 HPs)
             Began as a Demonspawn Monk on Feb 23, 2024.
             Slain by a gnoll
             ... wielding a +0 club
              (7 damage)
             ... on level 3 of the Dungeon.
             The game lasted 00:02:05 (1779 turns).

Gadfly the Ducker (Demonspawn Monk)                 Turns: 1779, Time: 00:02:06

Health: -1/35      AC:  3    Str: 19    XL:     4   Next: 63%
Magic:  4/4        EV: 13    Int: 10    God:
Gold:   78         SH:  8    Dex: 16    Spells: 3/3 levels left

rFire   . . .        g - +2 mace (vamp)
rCold   . . .        c - orb {light}
rNeg    . . .        a - +1 robe
rPois   .            f - melded +0 helmet {Int+3}
rElec   .            (cloak currently unavailable)
rCorr   .            (gloves currently unavailable)
SInv    .            (boots currently unavailable)
Will    .....        (no amulet)
Stlth   +            j - +6 ring of strength
HPRegen 0.25/turn    (no ring)
MPRegen 0.09/turn

%: no passive effects
@: beast-form, glowing
A: beast (slay +1), large bone plates 1, condensation shield
a: Begin Untransformation


You were on level 3 of the Dungeon.
You were a hulking beast.
You visited 1 branch of the dungeon, and saw 3 of its levels.

You collected 78 gold pieces.

Inventory:

Hand Weapons
 g - a +2 vampiric mace (weapon)
Armour
 a - a +1 robe (worn)
 c - an orb of light (worn)
 f - a +0 helmet of intelligence (melded)
Jewellery
 j - a +6 ring of strength (left hand)
Talismans
 i - a beast talisman (active)
 q - a blade talisman
Scrolls
 e - a scroll of brand weapon
 l - a scroll of poison
 m - a scroll of fog
 n - a scroll of revelation
 o - 2 scrolls of teleportation
 r - a scroll of enchant armour
Potions
 b - 2 potions of ambrosia
 d - a potion of heal wounds {unknown}
 h - a potion of resistance {unknown}
 k - a potion of degeneration {unknown}
 p - a potion of curing {unknown}
 s - a potion of might {unknown}


   Skills:
 - Level 3.0 Fighting
 + Level 3.1 Dodging
 + Level 3.1 Unarmed Combat
 * Level 2.4 Evocations
 * Level 1.8 Shapeshifting


You had 3 spell levels left.
You didn't know any spells.
Your spell library was empty.

Dungeon Overview and Level Annotations

Branches:
Dungeon (3/15)

Altars:
Uskayaw
Xom


Innate Abilities, Weirdness & Mutations

You are a hulking beast.
Your limbs bulge with bestial killing power. (Slay +1)
You are partially covered in large bone plates. (SH +4)
A meltable shield of frost defends you. (SH +4)


Message History

The gnoll misses you. The gnoll closely misses you. The gnoll misses you.
You are too injured to fight recklessly!
You are too injured to fight recklessly!
You are too injured to fight recklessly!
You are too injured to fight recklessly!
You are too injured to fight recklessly!
You are too injured to fight recklessly!
You are too injured to fight recklessly!
You are too injured to fight recklessly!
You are too injured to fight recklessly!
You are too injured to fight recklessly!
You are too injured to fight recklessly!
You are too injured to fight recklessly!
You are too injured to fight recklessly!
You are too injured to fight recklessly!
You are too injured to fight recklessly!
You are too injured to fight recklessly!
You are too injured to fight recklessly!
You are too injured to fight recklessly!
Unknown command.
The gnoll attacks as it pursues you! The gnoll closely misses you. x2
The gnoll attacks as it pursues you!
The gnoll hits you from afar with a +0 spear.
The gnoll barely misses you.
You barely miss the gnoll. The gnoll hits you but does no damage.
You sock the gnoll!
The gnoll is almost dead.
The gnoll closely misses you. The gnoll misses you.
You hit the gnoll.
You kill the gnoll!
The gnoll hits you with a +0 club.
* * * LOW HITPOINT WARNING * * *
You barely miss the gnoll. The gnoll closely misses you.
The gnoll hits you with a +0 club.
* * * LOW HITPOINT WARNING * * *
The gnoll completely misses you.
You hit the gnoll.
The gnoll is moderately wounded.
The gnoll closely misses you. x2; The gnoll hits you with a +0 club!
You die...

##+######
#...
#...g...#
#...
#...#.#.#
#...##
#..g#...#
+....#
#...###.#
#....## #...#
#g# #.....#
#...# #g#
#...... #...#
#h# #......
##### #.####
+......
#....#
#...#..
####.#
#####..
##########'##
#<.
#...........#
#.#######
#...........#
#..#.....
#...........#
#....†...
#...........#
#..####.#


You could see 2 gnolls.

Vanquished Creatures
  Terence (D:2)
  4 adders (D:2)
  A gnoll (D:3)
  2 dart slugs
  5 bats
  7 endoplasms
  A goblin (D:1)
  3 hobgoblins
  5 kobolds
  A quokka (D:1)
  2 ball pythons
  3 frilled lizards
  5 rats
40 creatures vanquished.

Notes
Turn   | Place    | Note
-------+----------+-------------------------------------------
     0 | D:1      | Gadfly the Demonspawn Monk began the quest for the Orb.
     0 | D:1      | Reached XP level 1. HP: 18/18 MP: 1/1
    67 | D:1      | Found a faded altar of an unknown god.
   327 | D:1      | Gained mutation: A meltable shield of frost defends you.
                  | (SH +4) [demonic ancestry]
   327 | D:1      | Reached XP level 2. HP: 24/24 MP: 2/2
   427 | D:1      | Reached skill level 1 in Evocations
   796 | D:2      | Reached skill level 1 in Shapeshifting
   796 | D:2      | Gained mutation: You are partially covered in large bone
                  | plates. (SH +4) [demonic ancestry]
   796 | D:2      | Reached XP level 3. HP: 18/29 MP: 3/3
  1149 | D:2      | Noticed Terence
  1159 | D:2      | Killed Terence
  1160 | D:2      | Reached XP level 4. HP: 35/35 MP: 4/4
  1633 | D:3      | Found a shimmering altar of Xom.
  1685 | D:3      | Noticed a +0 dagger
  1685 | D:3      | Noticed a +0 dagger
  1689 | D:3      | Found a hide-covered altar of Uskayaw.
  1779 | D:3      | Slain by a gnoll

Illustrated notes

Levels and vault maps discovered:
D:1:      evilmike_arrival_plus, layout_loops_ring,
          chequers_ecumenical_altar_twisty
D:2:      layout_loops_corners, uniq_terence
D:3:      layout_basic, old_standard_altar, dancing_weapons_uskayaw,
          biasface_ghost_orc_armoury, amcnicky_mini_rare_corridor_liquid,
          kennysheep_generic_room_9

Skill      XL: |  1  2  3 |
---------------+----------+-----
Evocations     | 1 2 |  2.4
Shapeshifting  | 1 |  1.8
Unarmed Combat | 3 |  3.1
Dodging        | 3 |  3.1
Fighting       | |  3.0

Action                     |  1- 3 |  4- 6 || total
---------------------------+-------+-------++-------
  Melee: Unarmed           |    39 |       ||    39
         Mace              |    50 |    29 ||    79
    Use: Scroll            |     3 |     5 ||     8
 Armour: Robe              |    44 |    16 ||    60
  Dodge: Dodged            |    61 |    27 ||    88
   Form: Beast             |     1 |       ||     1
